 Dungeon Crawl Stone Soup version 0.22-a0-246-gdc04c06 (webtiles) character file.

2773 Amnesiac the Nimble (level 9, -4/48 HPs)
             Began as a Spriggan Artificer on Feb 22, 2018.
             Was an Initiate of Gozag.
             Slain by a killer bee (10 damage)
             ... on level 9 of the Dungeon.
             The game lasted 00:23:28 (13382 turns).

Amnesiac the Nimble (Spriggan Artificer)           Turns: 13382, Time: 00:23:29

Health: -4/48      AC:  3    Str: 11    XL:     9   Next: 42%
Magic:  17/17      EV: 26    Int: 12    God:    Gozag
Gold:   1139       SH:  0    Dex: 17    Spells: 8/8 levels left

rFire    . . .     SeeInvis +   b - +0 hunting sling
rCold    . . .     Gourm    .   (shield restricted)
rNeg     . . .     Faith    .   y - +1 robe
rPois    .         Spirit   .   (helmet restricted)
rElec    .         Reflect  .   (no cloak)
rCorr    .         Harm     .   (gloves unavailable)
MR       +....                  (boots unavailable)
Stlth    ++........             k - amulet of the acrobat
HPRegen  0.16/turn              (no ring)
MPRegen  0.15/turn              (no ring)

@: about to teleport, very quick
A: very small, unfitting armour, see invisible, herbivore, speed 3, slow
metabolism 2
a: Potion Petition, Call Merchant, Bribe Branch, Renounce Religion


You were on level 9 of the Dungeon.
You worshipped Gozag.
Gozag was most pleased with you.
You were full.

You visited 2 branches of the dungeon, and saw 10 of its levels.

You collected 1230 gold pieces.
You paid 91 gold pieces to Gozag.

Inventory:

Hand Weapons
 a - a +3 rapier of venom
 b - a +0 hunting sling (weapon)
Missiles
 i - 226 stones
 l - 33 sling bullets (quivered)
 x - 3 throwing nets
Armour
 y - a +1 robe (worn)
Jewellery
 k - an amulet of the acrobat (around neck)
 o - an uncursed amulet of magic regeneration
Wands
 d - a wand of enslavement (12)
 j - a wand of paralysis (1)
 D - a wand of digging (10)
Scrolls
 f - 2 scrolls of amnesia {!r}
 h - 7 scrolls of teleportation {!r}
 m - 5 scrolls of remove curse {!r}
 n - 3 scrolls of identify {!r}
 p - a scroll of fear {!r, unknown}
 q - 2 scrolls of blinking {!r}
 s - a scroll of immolation {!r}
 u - a scroll of magic mapping {!r}
 B - a scroll of brand weapon {!r, unknown}
Potions
 c - a potion of agility {!q}
 e - 2 potions of ambrosia {!q, unknown}
 g - 2 potions of magic {!q}
 r - 2 potions of brilliance {!q}
 v - a potion of heal wounds {!q}
 w - 3 potions of flight {!q}
 z - 3 potions of curing {!q}
 A - 3 potions of mutation {!q}
 C - a potion of haste {!q, unknown}
Comestibles
 t - 3 rations


   Skills:
 - Level 6.1 Fighting
 - Level 2.0 Short Blades
 + Level 2.3 Slings
 - Level 10.7 Dodging
 - Level 2.0 Stealth
 - Level 10.3 Evocations


You had 8 spell levels left.
You didn't know any spells.

Dungeon Overview and Level Annotations

Branches:
Dungeon (9/15)             Temple (1/1) D:6
   Lair: D:8-11         Orc: D:9-12

Altars:
Ashenzari
Cheibriados
Dithmenos
Elyvilon
Fedhas
Gozag
Hepliaklqana
Kikubaaqudgha
Makhleb
Nemelex Xobeh
Okawaru
Qazlal
Ru
Sif Muna
Trog
Uskayaw
Vehumet
Wu Jian
Xom
Yredelemnul
Zin
The Shining One


Innate Abilities, Weirdness & Mutations

You are very small and have problems with some larger weapons.
You are too small for most types of armour.
You have supernaturally acute eyesight. (SInv)
You are a herbivore.
You cover ground extremely quickly.
You need consume almost no food.


Message History

The water moccasin zombie misses you.
Press: ? - help, v - describe, . - travel
Here: a water moccasin zombie (almost destroyed)
The floor.
Unknown command.
Firing (i - inventory. (/) - cycle)
l - 23 sling bullets (quivered)
Press: ? - help, Shift-Dir - straight line, f/p - water moccasin zombie
Aim: a water moccasin zombie (almost destroyed)
You shoot a sling bullet.
The sling bullet hits the water moccasin zombie!
You destroy the water moccasin zombie!
Your Slings skill increases to level 2!
Firing (i - inventory. (/) - cycle)
l - 22 sling bullets (quivered)
Press: ? - help, Shift-Dir - straight line, f - phantom
Aim: a phantom (lightly damaged)
You shoot a sling bullet. The sling bullet hits the phantom.
The phantom is lightly damaged.
Firing (i - inventory. (/) - cycle)
l - 21 sling bullets (quivered)
Press: ? - help, Shift-Dir - straight line, f/p - phantom
Aim: a phantom (lightly damaged)
You shoot a sling bullet.
The sling bullet closely misses the phantom.
Firing (i - inventory. (/) - cycle)
l - 20 sling bullets (quivered)
Press: ? - help, Shift-Dir - straight line, f/p - phantom
Aim: a phantom (lightly damaged)
You shoot a sling bullet.
The sling bullet closely misses the phantom.
Firing (i - inventory. (/) - cycle)
l - 19 sling bullets (quivered)
Press: ? - help, Shift-Dir - straight line, f/p - phantom
Aim: a phantom (lightly damaged)
You shoot a sling bullet. The sling bullet misses the phantom.
Firing (i - inventory. (/) - cycle)
l - 18 sling bullets (quivered)
Press: ? - help, Shift-Dir - straight line, f/p - phantom
Aim: a phantom (lightly damaged)
You shoot a sling bullet. The sling bullet misses the phantom.
The phantom completely misses you.
Found 17 sling bullets.
Firing (i - inventory. (/) - cycle)
l - 17 sling bullets (quivered)
Press: ? - help, Shift-Dir - straight line, f/p - phantom
Aim: a phantom (lightly damaged)
You shoot a sling bullet. The sling bullet hits the phantom!
The phantom is moderately damaged.
A worker ant zombie comes into view.
The phantom blinks!
The worker ant zombie completely misses you.
You see here 17 sling bullets.
l - 33 sling bullets (gained 17)
The worker ant zombie completely misses you.
The worker ant zombie bites you.
* * * LOW HITPOINT WARNING * * *
A killer bee comes into view.
The killer bee buzzes angrily.
You hear an angry buzzing noise. x2 2 killer bees come into view.
The killer bee buzzes angrily.
The killer bee is sucked into a shaft!
The shaft crumbles and collapses.
A killer bee comes into view.
Really read
h - 8 scrolls of teleportation {!r}?
As you read the scroll of teleportation {!r}, it crumbles to dust.
You feel strangely unstable. The killer bee misses you.
The killer bee stings you.
* * * LOW HITPOINT WARNING * * *
The killer bee stings you!
You die...
Your body crumbles into a pile of gold.

#..#
#W.#
#..#
#..#
#..#
#..#
#Z.#
#..#
#@.#
#yy#
#y.#
#.y#
#..#
#...
#.ยง.
#....


You could see a phantom, 4 killer bees and a worker ant zombie.

Vanquished Creatures
  A hungry ghost (D:9)
  Duvessa (D:7)
  A sky beast (D:5)
  An ice beast (D:8)
  An ogre (D:6)
  5 phantoms
  A centaur (D:8)
  5 bullfrogs
  Dowan (D:7)
  A water moccasin zombie (D:9)
  3 scorpions
  3 wights
  A crimson imp (D:4)
  2 jellies
  2 orc priests
  5 hounds
  A bullfrog skeleton (D:5)
  Jessica (D:2)
  2 iguanas
  4 orc wizards
  4 worker ants
  Natasha (thrice) (D:3 D:1)
  A hound zombie (D:5)
  2 hound skeletons
  Robin (D:2)
  5 adders
  7 gnolls
  A shadow imp (D:2)
  An adder zombie (D:8)
  2 dart slugs
  2 leopard geckos
  22 orcs
  5 giant cockroaches
  11 hobgoblins
  11 jackals
  3 quokkas
  3 ball pythons
  9 bats
  5 frilled lizards
  15 goblins
  5 kobolds
  10 rats
170 creatures vanquished.

Vanquished Creatures (collateral kills)
  A centaur (D:9)
1 creature vanquished.

Vanquished Creatures (others)
  A wyvern skeleton (D:9)
1 creature vanquished.

Grand Total: 172 creatures vanquished

Notes
Turn   | Place    | Note
-------+----------+-------------------------------------------
     0 | D:1      | Amnesiac the Spriggan Artificer began the quest for the Orb.
     0 | D:1      | Reached XP level 1. HP: 9/9 MP: 4/4
   189 | D:1      | Reached skill level 1 in Fighting
   443 | D:1      | Reached XP level 2. HP: 14/14 MP: 6/6
   454 | D:2      | Noticed Jessica
   456 | D:2      | Killed Jessica
   456 | D:2      | Reached XP level 3. HP: 18/18 MP: 7/7
   847 | D:3      | Noticed Natasha
   855 | D:3      | Killed Natasha
   855 | D:3      | Reached XP level 4. HP: 11/23 MP: 8/8
  1188 | D:4      | Noticed a phantom
  1248 | D:4      | Killed a phantom
  1248 | D:4      | Reached skill level 5 in Dodging
  1248 | D:4      | Reached skill level 5 in Evocations
  1248 | D:4      | Reached XP level 5. HP: 8/27 MP: 8/10
  1948 | D:4      | Reached XP level 6. HP: 23/32 MP: 11/11
  2308 | D:5      | Entered Level 5 of the Dungeon
  2955 | D:5      | Found a shadowy altar of Dithmenos.
  3507 | D:5      | Noticed a sky beast
  4245 | D:6      | Found a staircase to the Ecumenical Temple.
  4253 | Temple   | Entered the Ecumenical Temple
  4368 | Temple   | Became a worshipper of Gozag Ym Sagoz the Greedy
  5497 | D:2      | Noticed Robin
  5573 | D:2      | Killed Robin
  6477 | D:3      | Found an iron altar of Okawaru.
  6724 | D:3      | Noticed Natasha
  6726 | D:3      | Killed Natasha
  7149 | D:3      | Noticed Natasha
  7555 | D:1      | Killed Natasha
  7855 | D:3      | Reached XP level 7. HP: 36/36 MP: 13/13
  9531 | D:5      | Reached XP level 8. HP: 28/42 MP: 14/14
  9969 | D:7      | Found a radiant altar of Vehumet.
 10385 | D:7      | Noticed Duvessa
 10400 | D:7      | Noticed Dowan
 10414 | D:7      | Killed Duvessa
 10419 | D:7      | Killed Dowan
 10651 | D:8      | Found a shadowy altar of Dithmenos.
 10652 | D:8      | Found a basalt altar of Yredelemnul.
 10653 | D:8      | Found a blossoming altar of Fedhas.
 10655 | D:8      | Found a deep blue altar of Sif Muna.
 10661 | D:8      | Reached skill level 5 in Fighting
 10662 | D:8      | Found a glowing golden altar of the Shining One.
 11886 | D:3      | Reached XP level 9. HP: 47/47 MP: 17/17
 12006 | D:7      | Reached skill level 10 in Dodging
 12523 | D:8      | Found an ancient bone altar of Kikubaaqudgha.
 12550 | D:8      | Reached skill level 10 in Evocations
 13107 | D:9      | Noticed a troll
 13254 | D:9      | Reached skill level 1 in Slings
 13382 | D:9      | Slain by a killer bee

Vault maps used:
D:1:      dpeg_arrival_more_subterranean_lakeside_camping
D:2:      uniq_jessica, uniq_robin
D:3:      overflow_temple_1_default, roderic_roman_lattice, uniq_natasha
D:4:      first_ration
D:5:      nicolae_dithmenos_the_darkroom
D:6:      minmay_temple_entry_mist
D:7:      lemuel_doored_altar, uniq_duvessa
D:8:      kennysheep_mini_moat, grunt_temple_overflow_open
D:9:      erik_lair_island
Temple:   jpeg_temple_clearing

Skill      XL: |  1  2  3  4  5  6  7  8  9 |
---------------+----------------------------+-----
Fighting       | 1 2 3 4 5 6 |  6.1
Stealth        | 2 |  2.0
Short Blades   | 2 |  2.0
Dodging        | 4 5 6 8 9 10 | 10.7
Evocations     | 5 6 7 9 10 | 10.3
Slings         | 2 |  2.3

Action                   |  1- 3 |  4- 6 |  7- 9 || total
-------------------------+-------+-------+-------++-------
Melee: Short sword       |    32 |   232 |   113 ||   377
       Mace              |    66 |   203 |       ||   269
       Hand axe          |       |       |    92 ||    92
       Rapier            |       |       |   160 ||   160
 Fire: Hunting sling     |       |       |    39 ||    39
Throw: Stone             |       |       |    15 ||    15
Evoke: Wand              |     3 |    28 |    13 ||    44
  Use: Potion            |       |     3 |     2 ||     5
       Scroll            |       |    12 |     1 ||    13
 Stab: Sleeping          |     1 |    12 |     1 ||    14
       Paralysed         |       |     5 |    15 ||    20
       Distracted        |       |     1 |     1 ||     2
  Eat: Ration            |       |     5 |     4 ||     9
Armor: Robe              |    14 |    34 |    18 ||    66
Dodge: Dodged            |    98 |   398 |   366 ||   862

Table legend:
 A = Spawn XP
 B = Non-spawn XP
 C = Spawn XP percentage of total XP
 D = Spawn monster count
 E = Non-spawn monster count
 F = Spawn count percentage of total count
 G = Total turns spent on level
                    A         B        C        D         E        F      G
               +---------+---------+-------+---------+---------+-------+---------
         Total |       0 |    3962 |   0.0 |       0 |     171 |   0.0 | 13382
               +---------+---------+-------+---------+---------+-------+---------
           D:1 |       0 |      69 |   0.0 |       0 |      23 |   0.0 |  1108
           D:2 |       0 |     147 |   0.0 |       0 |      38 |   0.0 |  1711
           D:3 |       0 |     168 |   0.0 |       0 |      27 |   0.0 |  1482
           D:4 |       0 |     588 |   0.0 |       0 |      20 |   0.0 |  2354
           D:5 |       0 |     485 |   0.0 |       0 |      11 |   0.0 |  2225
           D:6 |       0 |     626 |   0.0 |       0 |      14 |   0.0 |  1882
           D:7 |       0 |     441 |   0.0 |       0 |       9 |   0.0 |  1175
           D:8 |       0 |     993 |   0.0 |       0 |      24 |   0.0 |  1023
           D:9 |       0 |     445 |   0.0 |       0 |       5 |   0.0 |   283
               +---------+---------+-------+---------+---------+-------+---------
